 Dungeon Sprint DCSS version 0.30-a0-1075-gcd70e7a56d (webtiles) character file.

Game seed: 16812698906196861772

890 fozzywoppz the Fighter (level 7, -1/64 HPs)
             Began as a Demonspawn Monk on Apr 14, 2023.
             Was the Champion of Qazlal.
             Slain by a two-headed ogre
             ... wielding a +0 giant spiked club
              (31 damage)
             ... in the Dungeon (Sprint VII: "The Pits").
             The game lasted 00:03:09 (514 turns).

fozzywoppz the Fighter (Demonspawn Monk)             Turns: 514, Time: 00:03:10

Health: -1/64      AC: 16    Str: 12    XL:     7   Next: 77%
Magic:  12/13      EV: 12    Int: 11    God:    Qazlal [******]
Gold:   0          SH:  8    Dex: 17    Spells: 6/6 levels left

rFire   . . .      SeeInvis .      - Unarmed
rCold   . . .      Faith    .    c - orb {light}
rNeg    . . .      Spirit   .    n - +3 scale mail
rPois   .          Reflect  .    (no helmet)
rElec   .          Rampage  .    (no cloak)
rCorr   .          NoTele   +    (no gloves)
Will    .....                    (no boots)
Stlth   +                        (no amulet)
HPRegen 0.30/turn                (no ring)
MPRegen 0.13/turn                (no ring)

@: protected from physical damage, glowing, repel missiles
A: claws 1, slimy green scales 2, demonic magic 1
a: Renounce Religion, Upheaval, Elemental Force, Disaster Area


You were in the Dungeon.
You worshipped Qazlal.
Qazlal was exalted by your worship.
You visited 1 branch

Inventory:

Armour
 c - an orb of light (worn)
 n - a +3 scale mail (worn)
Scrolls
 i - a scroll of blinking
 k - 5 scrolls of amnesia
 l - a scroll of summoning
Potions
 b - a potion of ambrosia
 d - 5 potions of curing
 e - 4 potions of heal wounds
 f - a potion of haste
 g - 4 potions of magic
 h - 3 potions of berserk rage
 j - 2 potions of invisibility


   Skills:
 + Level 9.0 Fighting
 + Level 5.7 Armour
 + Level 8.2 Dodging
 - Level 2.0 Stealth
 + Level 8.2 Unarmed Combat
 + Level 8.3 Invocations


You had 6 spell levels left.
You didn't know any spells.
Your spell library was empty.

Dungeon Overview and Level Annotations

Branches:
Dungeon (1/1)

Altars:
Ashenzari
Cheibriados
Dithmenos
Fedhas
Gozag
Hepliaklqana
Kikubaaqudgha
Makhleb
Nemelex Xobeh
Okawaru
Qazlal
Ru
Sif Muna
Trog
Uskayaw
Vehumet
Wu Jian
Xom
Yredelemnul
Jiyva
Lugonu


Innate Abilities, Weirdness & Mutations

You have sharp fingernails.
You are mostly covered in slimy green scales. (AC +3)
Spells you cast may paralyse adjacent enemies.


Message History

Your Dodging skill increases to level 8!
Your Unarmed Combat skill increases to level 8!
Your Invocations skill increases to level 8!
You see here a +0 shortbow.
You scratch the two-headed ogre but do no damage.
The two-headed ogre closely misses you.
The two-headed ogre hits you but does no damage.
You claw the two-headed ogre!
The two-headed ogre is moderately wounded.
The two-headed ogre hits you with a +0 giant spiked club!
You feel more protected from physical attacks.
You block the two-headed ogre's attack.
You feel much better.
You scratch the two-headed ogre but do no damage.
The two-headed ogre is moderately wounded.
The two-headed ogre closely misses you.
The two-headed ogre hits you with a +0 giant club!
You scratch the two-headed ogre.
The two-headed ogre is moderately wounded.
You claw the two-headed ogre!
The two-headed ogre is moderately wounded.
The two-headed ogre hits you but does no damage. x2
Okay, then.
You claw the two-headed ogre!
The two-headed ogre is heavily wounded.
The two-headed ogre hits you but does no damage.
The two-headed ogre hits you with a +0 giant club!
* * * LOW HITPOINT WARNING * * *
You feel much better.
You scratch the two-headed ogre.
The two-headed ogre is severely wounded.
The two-headed ogre barely misses you.
The two-headed ogre hits you with a +0 giant club!
You feel more protected from physical attacks.
You claw the two-headed ogre!
The two-headed ogre is severely wounded.
You scratch the two-headed ogre.
The two-headed ogre is almost dead.
The two-headed ogre hits you with a +0 giant spiked club!!
You die...

#.###†###[)##.......#
#.#.....#))##.......#
#.#...).#..##.......#
#.####)##'###...<...#
#.#...)....##.......#
#)#........##.......#
#'###########.......#
#..#.#.##..##########
#.......#@##
##.#.#.##O#
#.......#M#
##.#.#.##.†....+
#.......#'#.Y..#
##.#.#..')#....#
########## ####


You could see a two-headed ogre and a mummy.

Vanquished Creatures
  3 yaks (D)
  A sky beast (D)
  A centaur (D)
  A kobold brigand (D)
  A gnoll sergeant (D)
  A scorpion (D)
  A small abomination (D)
  An orc priest (D)
  An ufetubus (D)
  An adder zombie (D)
  3 orcs (D)
  A bat (D)
  A bat skeleton (D)
  A bat zombie (D)
  2 endoplasms (D)
  A hobgoblin (D)
  6 jackals (D)
  A ball python skeleton (D)
  2 frilled lizards (D)
30 creatures vanquished.

Notes
Turn   | Place    | Note
-------+----------+-------------------------------------------
     0 | D        | fozzywoppz the Demonspawn Monk began the quest for the Orb.
     0 | D        | Reached XP level 1. HP: 18/18 MP: 1/1
    36 | D        | Found a basalt altar of Yredelemnul.
    36 | D        | Found a shimmering altar of Xom.
    36 | D        | Found an ornate altar of the Wu Jian Council.
    36 | D        | Found a bloodstained altar of Trog.
    36 | D        | Found a shimmering blue altar of Sif Muna.
    36 | D        | Found a sacrificial altar of Ru.
    36 | D        | Found a stormy altar of Qazlal.
    36 | D        | Found an iron altar of Okawaru.
    36 | D        | Found a sparkling altar of Nemelex Xobeh.
    36 | D        | Found a burning altar of Makhleb.
    36 | D        | Found a viscous altar of Jiyva.
    36 | D        | Found a hazy altar of Hepliaklqana.
    36 | D        | Found an opulent altar of Gozag.
    36 | D        | Found a blossoming altar of Fedhas.
    36 | D        | Found a shadowy altar of Dithmenos.
    36 | D        | Found a snail-covered altar of Cheibriados.
    37 | D        | Found a radiant altar of Vehumet.
    37 | D        | Found a corrupted altar of Lugonu.
    38 | D        | Found a hide-covered altar of Uskayaw.
    38 | D        | Found an ancient bone altar of Kikubaaqudgha.
    38 | D        | Found a broken altar of Ashenzari.
    41 | D        | Became a worshipper of Qazlal Stormbringer
    41 | D        | Reached * piety under Qazlal
    41 | D        | Reached ** piety under Qazlal
    79 | D        | Noticed a scorpion
    88 | D        | Killed a scorpion
    89 | D        | Reached skill level 5 in Fighting
    89 | D        | Gained mutation: You are partially covered in slimy green
                  | scales. (AC +2) [demonic ancestry]
    89 | D        | Reached XP level 2. HP: 12/27 MP: 2/2
    89 | D        | Gained mutation: You are mostly covered in slimy green
                  | scales. (AC +3) [demonic ancestry]
    89 | D        | Reached XP level 3. HP: 15/33 MP: 3/3
   164 | D        | Reached *** piety under Qazlal
   167 | D        | Reached XP level 4. HP: 39/39 MP: 4/4
   168 | D        | Reached skill level 5 in Unarmed Combat
   168 | D        | Reached **** piety under Qazlal
   169 | D        | Reached skill level 5 in Dodging
   181 | D        | Reached skill level 6 in Fighting
   249 | D        | Noticed a kobold brigand
   262 | D        | Reached ***** piety under Qazlal
   279 | D        | Killed a kobold brigand
   280 | D        | Gained mutation: Spells you cast may paralyse adjacent
                  | enemies. [demonic ancestry]
   280 | D        | Reached XP level 5. HP: 32/47 MP: 4/7
   314 | D        | Reached skill level 7 in Fighting
   351 | D        | Reached XP level 6. HP: 25/55 MP: 9/9
   454 | D        | Noticed a sky beast
   458 | D        | Reached ****** piety under Qazlal
   459 | D        | Reached skill level 5 in Invocations
   466 | D        | Killed a sky beast
   471 | D        | Reached skill level 8 in Fighting
   478 | D        | Noticed a two-headed ogre
   478 | D        | Noticed a yak
   478 | D        | Noticed a yak
   478 | D        | Noticed a yak
   494 | D        | Killed a yak
   495 | D        | Gained mutation: You have sharp fingernails. [demonic
                  | ancestry]
   495 | D        | Reached XP level 7. HP: 43/63 MP: 10/12
   495 | D        | Killed a yak
   496 | D        | Reached skill level 5 in Armour
   501 | D        | Killed a yak
   502 | D        | Reached skill level 9 in Fighting
   514 | D        | Slain by a two-headed ogre

Illustrated notes

Levels and vault maps discovered:
D:        pitsprint [storerooms_1, entrance_room_1, metal_vault_4, armoury_1,
          mini_pit_1, grid_room_1, main_hall_1, silver_pit, the_coven_1,
          the_vestibule_1, steel_vault_4, golden_pit, hallway_of_sentries,
          crystal_vault_4, iron_vault_1, final_vault]

Skill      XL: |  1  2  3  4  5  6  7 |
---------------+----------------------+-----
Stealth        | 2 |  2.0
Dodging        | 4 6 7 8 |  8.2
Unarmed Combat | 4 6 7 8 |  8.2
Fighting       | 5 6 7 8 9 |  9.0
Armour         | 2 3 4 5 |  5.7
Invocations    | 3 4 7 8 |  8.3

Action                     |  1- 3 |  4- 6 |  7- 9 || total
---------------------------+-------+-------+-------++-------
  Melee: Unarmed           |    29 |    96 |    16 ||   141
    Use: Potion            |     1 |       |     2 ||     3
 Armour: Robe              |     5 |       |       ||     5
         Scale mail        |       |    24 |     4 ||    28
  Dodge: Dodged            |    14 |    29 |     3 ||    46
  Block: Orb               |     5 |    26 |     4 ||    35

Table legend: (Time is in decaauts)
 A = Elapsed time spent in this place.
 B = Non-inter-level travel time spent in this place.
 C = Inter-level travel time spent in this place.
 D = Time resting spent in this place.
 E = Time spent auto-exploring this place.
 F = Levels seen in this place.
 G = Mean time per level.
                   A        B        C        D        E       F      G
               +--------+--------+--------+--------+--------+-----+--------+
         Total |    498 |    498 |      0 |    202 |      0 |   1 |  498.0 |
       Dungeon |    498 |    498 |      0 |    202 |      0 |   1 |  498.0 |
               +--------+--------+--------+--------+--------+-----+--------+

Top non-repeatable levels by time:
       D: 498 daAuts
